 Dungeon Crawl Stone Soup version 0.30-a0-297-g0ec75d9ef4 (webtiles) character file.

Game seed: 410446320620330342

70 GreatBamboolord the Sneak (level 4, -6/25 HPs)
             Began as a Kobold Enchanter on Oct 18, 2022.
             Mangled by a gnoll
             ... wielding a +0 halberd
              (11 damage)
             ... on level 2 of the Dungeon.
             The game lasted 00:03:40 (1294 turns).

GreatBamboolord the Sneak (Kobold Enchanter)        Turns: 1294, Time: 00:03:40

Health: -6/25      AC:  3    Str: 11    XL:     4   Next: 44%
Magic:  7/7        EV: 15    Int: 16    God:
Gold:   80         SH:  0    Dex: 17    Spells: 6/8 levels left

rFire   . . .      SeeInvis .    a - +1 dagger
rCold   + . .      Faith    .    (no shield)
rNeg    . . .      Spirit   .    b - +0 robe
rPois   .          Reflect  .    j - +0 helmet
rElec   .          Harm     .    (no cloak)
rCorr   .          Rampage  .    (no gloves)
Will    .....                    (no boots)
Stlth   ++++......               d - amulet of magic regeneration
HPRegen 0.24/turn                e - +6 ring of strength
MPRegen 0.50/turn                f - ring of protection from cold

@: very slightly contaminated, invisible
A: small, no large weapons, nightstalker 3
a: no special abilities


You were on level 2 of the Dungeon.
You visited 1 branch of the dungeon, and saw 2 of its levels.

You collected 80 gold pieces.

Inventory:

Hand Weapons
 a - a +1 dagger (weapon)
Armour
 b - a +0 robe (worn)
 j - a +0 helmet (worn)
Jewellery
 d - an amulet of magic regeneration (around neck)
 e - a +6 ring of strength (left hand)
 f - a ring of protection from cold (right hand)
Scrolls
 h - 2 scrolls of identify
 k - a scroll of immolation {unknown}
Potions
 c - 2 potions of invisibility
 g - a potion of lignification
 i - a potion of haste


   Skills:
 * Level 1.3 Fighting
 * Level 2.1 Short Blades
 * Level 3.0 Dodging
 + Level 4.7 Stealth
 * Level 2.5 Spellcasting
 * Level 3.5 Hexes


You had 6 spell levels left.
You knew the following spells:

 Your Spells              Type           Power      Damage    Failure   Level
a - Ensorcelled Hibernat  Hex/Ice        14%        N/A       14%         2

Your spell library contained the following spells:

 Spells                   Type           Power      Damage    Failure   Level
 Confusing Touch          Hex            13%        N/A       14%         3
 Tukima's Dance           Hex            13%        N/A       14%         3
 Dazzling Flash           Conj/Hex       14%        N/A       28%         3
 Leda's Liquefaction      Hex/Erth       3%         N/A       67%         4
 Lee's Rapid Deconstruct  Erth           1%         3d4*      99%         5
 Statue Form              Tmut/Erth      1%         N/A       100%        6
 Borgnjor's Revivificati  Necr           1%         N/A       100%        8
 Necromutation            Tmut/Necr      1%         N/A       100%        8
 Death's Door             Necr           1%         N/A       100%        9


Dungeon Overview and Level Annotations

Branches:
Dungeon (2/15)

Altars:


Innate Abilities, Weirdness & Mutations

You are small and have problems with some larger weapons.
You are completely attuned to the shadows.


Message History

Found 9 gold pieces.
The helpless hobgoblin fails to defend itself.
You impale the hobgoblin!!
You kill the hobgoblin!
Your Dodging skill increases to level 3!
No target in view!
You now have 80 gold pieces (gained 9).
There is an escape hatch in the floor here.
A rat comes into view.
A rat is nearby!
A rat is nearby!
The helpless rat fails to defend itself.
You impale the rat!!
You kill the rat!
No target in view!
You see here a rat corpse.
You open the door.
A gnoll comes into view. It is wielding a +0 flail.
Found a mace.
A gnoll is nearby!
A gnoll comes into view. It is wielding a +0 halberd.
There is an open door here.
The helpless gnoll fails to defend itself.
You impale the gnoll!!
You kill the gnoll!
The gnoll shouts!
The gnoll hits you with a +0 halberd!
Aiming: Ensorcelled Hibernation (safe; 14% risk of failure)
Press: ? - help, Q - select action Shift-Dir - straight line, f - gnoll
Aim: a gnoll, wielding a +0 halberd (chance to affect: 50%)
You miscast Ensorcelled Hibernation.
You are very lightly contaminated with residual magic.
Nothing appears to happen.
The gnoll hits you with a +0 halberd!
* * * LOW HITPOINT WARNING * * *
You fade into invisibility!
The gnoll misses you.
There is an open door here.
The gnoll hits you from afar with a +0 halberd!
You die...

#.♣...P♣P.♣♣..♣♣P##.#.#.#
#..♣.♣♣♣.♣...♣♣♣P##.#.#.#
#.##...♣.P.♣..P♣.##.#.#.#
####.##....♣.♣.....♣...#.#.#
.....#...♣♣♣.♣♣.#♣♣♣...#.#.#
#.....♣♣.......#+#...#.#.#.#
####.P.§♣♣♣♣P†##g##♣.#.#.#.#
#...§....♣.#)).#♣♣#.#.#.#
#.♣♣♣§♣♣..♣##@##♣♣....#.#
#...P.♣.♣♣.♣#'#P♣♣......#
##♣§♣§§..♣♣.♣#.P.♣#######
#P§P♣..†.P.P♣.P#
##§P...........#
#♣..##..♣.##♣♣# ######...#
##..# ##.


You could see a gnoll (unable to see you).

Vanquished Creatures
  A gnoll (D:2)
  2 adders (D:2)
  3 dart slugs
  4 bats
  2 endoplasms
  2 giant cockroaches
  3 goblins (D:1)
  2 hobgoblins (D:2)
  5 quokkas
  A frilled lizard (D:2)
  2 kobolds (D:1)
  9 rats
36 creatures vanquished.

Vanquished Creatures (others)
  11 plants (D:2)
11 creatures vanquished.

Grand Total: 47 creatures vanquished

Notes
Turn   | Place    | Note
-------+----------+-------------------------------------------
     0 | D:1      | GreatBamboolord the Kobold Enchanter began the quest for
                  | the Orb.
     0 | D:1      | Reached XP level 1. HP: 10/10 MP: 3/3
   295 | D:1      | Reached XP level 2. HP: 8/15 MP: 5/5
   301 | D:1      | Learned a level 2 spell: Ensorcelled Hibernation
   732 | D:2      | Reached XP level 3. HP: 20/20 MP: 6/6
   919 | D:2      | Reached skill level 1 in Fighting
  1033 | D:2      | Reached XP level 4. HP: 19/25 MP: 7/7
  1294 | D:2      | Mangled by a gnoll

Illustrated notes

Levels and vault maps discovered:
D:1:      co_arrival_random_square_maze, layout_loops_ring
D:2:      wad_woods_tower, layout_loops_ring

Skill      XL: |  1  2  3  4 |
---------------+-------------+-----
Short Blades   | 2 |  2.1
Fighting       | 1 |  1.3
Dodging        | 3 |  3.0
Stealth        | |  4.7
Spellcasting   | |  2.5
Hexes          | |  3.5

Action                   |  1- 3 |  4- 6 || total
-------------------------+-------+-------++-------
Melee: Dagger            |    72 |    11 ||    83
 Cast: Ensorcelled Hiber |     7 |     2 ||     9
  Use: Scroll            |     2 |       ||     2
       Potion            |       |     1 ||     1
 Stab: Sleeping          |    17 |     7 ||    24
Armor: Robe              |     4 |       ||     4
Dodge: Dodged            |    50 |     4 ||    54

Table legend: (Time is in decaauts)
 A = Elapsed time spent in this place.
 B = Non-inter-level travel time spent in this place.
 C = Inter-level travel time spent in this place.
 D = Time resting spent in this place.
 E = Time spent auto-exploring this place.
 F = Levels seen in this place.
 G = Mean time per level.
                   A        B        C        D        E       F      G
               +--------+--------+--------+--------+--------+-----+--------+
         Total |   1286 |   1266 |     20 |      0 |   1028 |   2 |  643.0 |
       Dungeon |   1286 |   1266 |     20 |      0 |   1028 |   2 |  643.0 |
               +--------+--------+--------+--------+--------+-----+--------+

Top non-repeatable levels by time:
     D:1: 725 daAuts
     D:2: 560 daAuts
